 Dungeon Crawl Stone Soup version 0.31.0-32-g396128a36d (webtiles) character file.

Game seed: 9203159141631709928

4380 sono the Basher (level 10, -5/68 HPs)
             Began as a Gargoyle Fighter on Apr 13, 2024.
             Was an Initiate of Gozag.
             Slain by a two-headed ogre
             ... wielding a +0 glaive
              (21 damage)
             ... in a bailey.
             The game lasted 00:26:27 (7607 turns).

sono the Basher (Gargoyle Fighter)                  Turns: 7607, Time: 00:26:28

Health: -5/68      AC: 22    Str: 24    XL:     10   Next: 35%
Magic:  10/10      EV:  8    Int: 15    God:    Gozag
Gold:   616        SH:  4    Dex:  9    Spells: 9/9 levels left

rFire   . . .        D - +1 morningstar
rCold   . . .        c - +0 buckler
rNeg    + + .        C - +0 chain mail
rPois   ∞            S - +2 helmet
rElec   +            (no cloak)
rCorr   .            u - +0 pair of gloves
SInv    .            (no boots)
Will    .....        x - amulet of regeneration Stlth
                     l - ring of positive energy
HPRegen 1.11/turn    H - +6 ring of intelligence
MPRegen 0.12/turn

%: no passive effects
@: no status effects
A: sickness immunity, AC +7, negative energy resistance 1, electricity
resistance, torment resistance 1, petrification resistance
a: Renounce Religion, Potion Petition, Call Merchant, Bribe Branch


You were in a bailey.
You worshipped Gozag.
Gozag was pleased with you.
You visited 2 branches of the dungeon, and saw 9 of its levels.
You also visited: Bailey.

You collected 755 gold pieces.
You paid 139 gold pieces to Gozag.

Inventory:

Hand Weapons
 y - the +10 short sword of Gozag's Regard {freeze, rC- Str+2 Int+3}
   (You found it on level 4 of the Dungeon)

   Str+2:     It affects your strength (+2).
   Int+3:     It affects your intelligence (+3).
   rC-:       It makes you vulnerable to cold.
 D - a +1 morningstar (weapon)
 J - the +1 falchion "Sevafaul" {antimagic, +Blink Str-5 Dex+2}
   (You found it on level 5 of the Dungeon)

   Str-5:     It affects your strength (-5).
   Dex+2:     It affects your dexterity (+2).
   +Blink:    It lets you blink.
 K - the +8 dagger "Cadudgh" {pain, rN+ rCorr MP+9 Str-2}
   (You found it on level 5 of the Dungeon)

   Str-2:     It affects your strength (-2).
   rN+:       It protects you from negative energy.
   MP+9:      It affects your magic capacity (+9).
   rCorr:     It protects you from acid and corrosion.
 N - a +2 war axe of freezing
Missiles
 i - 14 poisoned darts (quivered)
 k - 13 boomerangs
 w - 10 curare-tipped darts
 G - 2 darts of dispersal
Armour
 c - a +0 buckler (worn)
 u - a +0 pair of gloves (worn)
 A - a +0 kite shield
 C - a +0 chain mail (worn)
 L - an orb of guile
 S - a +2 helmet (worn)
Jewellery
 g - a ring of ice
 l - a ring of positive energy (left hand)
 x - an amulet of regeneration (around neck)
 H - a +6 ring of intelligence (right hand)
 P - a ring of wizardry
Talismans
 B - a flux talisman
 R - a maw talisman
Wands
 a - a wand of flame (11)
 E - a wand of roots (9)
Scrolls
 e - 4 scrolls of fear
 f - a scroll of revelation
 h - a scroll of silence
 o - 4 scrolls of enchant weapon
 s - 2 scrolls of amnesia
 t - a scroll of poison
 v - a scroll of brand weapon
 F - a scroll of noise
Potions
 b - a potion of mutation {unknown}
 d - a potion of might
 m - 2 potions of attraction {unknown}
 p - 3 potions of curing
 z - 2 potions of magic {unknown}
 I - a potion of brilliance {unknown}
 M - a potion of lignification {unknown}
 O - a potion of enlightenment {unknown}
 Q - a potion of degeneration {unknown}


   Skills:
 * Level 10.1 Fighting
 + Level 10.6 Maces & Flails
 + Level 7.3 Armour
 - Level 3.2 Shields


You had 9 spell levels left.
You didn't know any spells.
Your spell library contained the following spells:

 Spells                   Type           Power      Damage    Failure   Level
 Apportation              Tloc           0%         N/A       83%         1
 Jinxbite                 Hex            0%         N/A       93%         2
 Alistair's Intoxication  Alch           0%         N/A       100%        5
 Yara's Violent Unravell  Hex/Alch       0%         3d3       100%        5
 Enfeeble                 Hex            0%         N/A       100%        7


Dungeon Overview and Level Annotations

Branches:
Dungeon (8/15)             Temple (1/1) D:7          Bailey (1/1)
   Lair: D:8-11

Altars:
Dithmenos
Elyvilon
Fedhas
Gozag
Hepliaklqana
Kikubaaqudgha
Makhleb
Nemelex Xobeh
Okawaru
Qazlal
Ru
Sif Muna
Trog
Uskayaw
Vehumet
Wu Jian
Xom
Yredelemnul
Zin
The Shining One

Annotations:
D:2 1 runed translucent door, Crazy Yiuf
D:5 3 runed translucent doors, CapUranus's ghost, novice HOFi


Innate Abilities, Weirdness & Mutations

You are immune to sickness and miasma.
Your stone body is resilient. (AC +7)
You are immune to poison.
You resist negative energy. (rN+)
You are resistant to electric shocks. (rElec)
You are resistant to unholy torment.
You are immune to petrification.


Message History

Throw: 14 darts (poison)
Press: ? - help, Q - select action, (/) - cycle Shift-Dir - straight line, f/p - two-headed ogre
Aim: a two-headed ogre, wielding a +0 glaive and a +0 halberd (lightly wounded, very poisoned, 73% to hit)
Okay, then.
You hit the two-headed ogre but do no damage.
The two-headed ogre is lightly wounded.
The two-headed ogre hits you but does no damage.
The two-headed ogre hits you with a +0 halberd.
You hit the two-headed ogre.
The two-headed ogre is lightly wounded.
The two-headed ogre hits you but does no damage.
You block the two-headed ogre's attack.
You puncture the two-headed ogre!
The two-headed ogre is moderately wounded.
The two-headed ogre closely misses you.
The two-headed ogre hits you with a +0 halberd.
You hit the two-headed ogre but do no damage.
The two-headed ogre is moderately wounded.
You hit the two-headed ogre but do no damage.
The two-headed ogre is moderately wounded.
The two-headed ogre hits you with a +0 glaive.
The two-headed ogre hits you with a +0 halberd.
You barely miss the two-headed ogre.
The two-headed ogre is moderately wounded.
The two-headed ogre hits you with a +0 glaive.
The two-headed ogre barely misses you.
You bludgeon the two-headed ogre!!
The two-headed ogre is severely wounded.
You barely miss the two-headed ogre.
The two-headed ogre is severely wounded.
The two-headed ogre looks more healthy.
The two-headed ogre hits you with a +0 glaive!
* * * LOW HITPOINT WARNING * * *
The two-headed ogre hits you with a +0 halberd.
* * * LOW HITPOINT WARNING * * *
You closely miss the two-headed ogre.
The two-headed ogre is severely wounded.
The two-headed ogre hits you with a +0 glaive!!
You die...
Your body crumbles into a pile of gold.

##..#♣.. ##.)## #.)...#
#...#.. ##..###.....##
#...#.♣ #..~~~..∩...#
#..~#.♣ .#..~~~......#
#..~~.♣ .#..~~~..)...#
#..~#.♣ ((#..~~~).....#
#...#.♣♣ ♣..#.)~~~..∩...#
#...#..♣#♣♣♣O.##..###.....##
##..♣#.....@.##.)## #.....#
##..##.....♣#..## ##...##
##..###♣###..## ##.##
##....)....## ###
##.).....## #########


You could see a two-headed ogre.

Vanquished Creatures
  Grinder (D:3)
  Sigmund (D:4)
  3 spriggans (Bailey)
  Eustachio (D:5)
  Menkaure (D:6)
  An acid dragon (Bailey)
  Duvessa (D:6)
  2 black bears
  An ice beast (D:6)
  7 ogres
  3 sky beasts
  A phantom (D:5)
  2 bullfrogs
  2 scorpions
  6 wights
  Dowan (D:6)
  3 howler monkeys (D:7)
  2 bombardier beetles
  A bullfrog zombie (D:5)
  A hound (D:6)
  4 orc priests
  3 gnoll boudas
  A jelly (D:6)
  4 iguanas
  7 orc wizards
  A scorpion zombie (D:5)
  Robin (D:2)
  13 adders
  24 gnolls
  A shadow imp (D:5)
  2 ufetubi (D:6)
  A dart slug (D:4)
  2 ribbon worms (D:2)
  29 orcs
  3 ball pythons
  6 bats
  15 endoplasms
  5 giant cockroaches
  9 goblins
  9 hobgoblins
  4 jackals (D:4)
  3 quokkas
  4 frilled lizards
  5 kobolds
  4 rats
201 creatures vanquished.

Vanquished Creatures (others)
  A bombardier beetle (D:4)
  An orc (D:4)
  A kobold (D:4)
3 creatures vanquished.

Grand Total: 204 creatures vanquished

Notes
Turn   | Place    | Note
-------+----------+-------------------------------------------
     0 | D:1      | sono the Gargoyle Fighter began the quest for the Orb.
     0 | D:1      | Reached XP level 1. HP: 14/14 MP: 1/1
   492 | D:1      | Reached XP level 2. HP: 20/20 MP: 2/2
   872 | D:2      | Reached XP level 3. HP: 24/24 MP: 3/3
   953 | D:2      | Noticed Robin
  1176 | D:2      | Killed Robin
  1177 | D:2      | Reached XP level 4. HP: 21/30 MP: 4/4
  1778 | D:2      | Reached XP level 5. HP: 33/34 MP: 5/5
  2054 | D:2      | Found a runed translucent door.
  2055 | D:2      | Noticed Crazy Yiuf
  2118 | D:3      | Found an ornate altar of the Wu Jian Council.
  2247 | D:3      | Noticed Grinder
  2252 | D:3      | Paralysed by Grinder for 3 turns
  2260 | D:3      | Killed Grinder
  2261 | D:3      | Reached skill level 5 in Fighting
  2261 | D:3      | Reached XP level 6. HP: 21/40 MP: 6/6
  2607 | D:3      | Identified the +0 leather armour "Ecosikiw" {Harm}
  3012 | D:4      | Reached skill level 5 in Maces & Flails
  3033 | D:4      | Reached XP level 7. HP: 44/44 MP: 7/7
  3334 | D:4      | Identified the +10 short sword of Gozag's Regard {freeze,
                  | rC- Str+2 Int+3}
  3428 | D:4      | Found a shimmering altar of Xom.
  3516 | D:4      | Noticed Sigmund
  3552 | D:4      | Killed Sigmund
  3553 | D:4      | Reached skill level 5 in Armour
  3873 | D:5      | Entered Level 5 of the Dungeon
  3873 | D:5      | Noticed Eustachio
  3873 | D:5      | Found a blossoming altar of Fedhas.
  4089 | D:5      | Found a runed translucent gate.
  4089 | D:5      | Found a runed translucent gate.
  4089 | D:5      | Found a runed translucent gate.
  4089 | D:5      | Noticed CapUranus's ghost (novice HOFi)
  4100 | D:5      | Found a basalt altar of Yredelemnul.
  4179 | D:5      | Killed Eustachio
  4180 | D:5      | Reached XP level 8. HP: 50/52 MP: 8/8
  4193 | D:5      | Found a hide-covered altar of Uskayaw.
  4317 | D:5      | Identified the +1 falchion "Sevafaul" {antimagic, +Blink
                  | Str-5 Dex+2}
  4423 | D:5      | Found a white marble altar of Elyvilon.
  4883 | D:5      | Identified the +8 dagger "Cadudgh" {pain, rN+ rCorr MP+9
                  | Str-2}
  5231 | D:6      | Reached XP level 9. HP: 59/59 MP: 9/9
  5387 | D:6      | Found a hazy altar of Hepliaklqana.
  5410 | D:6      | Noticed Menkaure
  5688 | D:6      | Noticed Dowan
  5916 | D:6      | Noticed Duvessa
  5935 | D:6      | Killed Duvessa
  5999 | D:6      | Killed Dowan
  6018 | D:6      | Killed Menkaure
  6492 | D:7      | Found a staircase to the Ecumenical Temple.
  6501 | Temple   | Entered the Ecumenical Temple
  6509 | Temple   | Became a worshipper of Gozag Ym Sagoz the Greedy
  7028 | D:7      | Reached skill level 10 in Maces & Flails
  7028 | D:7      | Reached XP level 10. HP: 64/66 MP: 10/10
  7258 | D:8      | Found a flagged portal.
  7274 | Bailey   | Entered a bailey
  7443 | Bailey   | Reached skill level 10 in Fighting
  7594 | Bailey   | Noticed a two-headed ogre
  7607 | Bailey   | Slain by a two-headed ogre

Illustrated notes

Levels and vault maps discovered:
D:1:      amcnicky_arrival_underground_garden, layout_loops_ring
D:2:      layout_basic, uniq_robin, uniq_crazy_yiuf_cottage
D:3:      layout_rooms, pdpol_wu_jian_five_deadly_venoms, feat_on_display,
          uniq_grinder
D:4:      layout_basic, xom_confusion_cloud, nicolae_half_adder, uniq_sigmund
D:5:      layout_loops_ring, general_overflow_altar,
          nicolae_yredelemnul_ghost_church, mainiacjoe_overflow_catwalk_spiral,
          grunt_ministairs_10, uniq_eustachio
D:6:      layout_loops_ring, worldfamousw_hep_ancestral_shrine, uniq_duvessa,
          uniq_menkaure
D:7:      layout_basic, minmay_temple_entry_glass
D:8:      layout_basic, kennysheep_mini_moat, enter_bailey_5
Temple:   hellmonk_temple_forest_ring
Bailey:   bailey_polearm_enchanted_keep_hellmonk, bailey

Skill      XL: |  1  2  3  4  5  6  7  8  9 10 |
---------------+-------------------------------+-----
Fighting       | 4 5 6 7 9 10 | 10.1
Armour         | 4 5 6 7 |  7.3
Maces & Flails | 3 4 5 6 7 10 | 10.6
Shields        | |  3.2

Action                     |  1- 3 |  4- 6 |  7- 9 | 10-12 || total
---------------------------+-------+-------+-------+-------++-------
  Melee: Flail             |    85 |   153 |    64 |       ||   302
         Morningstar       |       |       |   485 |    71 ||   556
  Throw: Dart              |       |       |       |     3 ||     3
    Use: Scroll            |       |       |       |    11 ||    11
 Armour: Scale mail        |    86 |    99 |       |       ||   185
         Chain mail        |       |    11 |   444 |   107 ||   562
  Dodge: Dodged            |    62 |    66 |   186 |    37 ||   351
  Block: Buckler           |    16 |    27 |    92 |    17 ||   152
